General information
- name: BNet
- type: Ladder 1vs1/FFA
- host: Battle.net
- saver: R.O.B.
map: TidewaterGlades
- players: 2
- length: 21:19
- speed: Fast
- version: 1.26 W3XP
- replay type: Public
» download(62 KB)
Players
team 1 (winner)
R.O.B. (
purple | 67 APM | 1420 actions | 21:19)
5 Archmage
2 Blizzard
3 Brilliance Aura
4 Blood Mage
2 Flame Strike
2 Siphon Mana
» actions
| Assign group hotkey | 36 | |
| Basic commands | 69 | |
| Build / train | 77 | |
| ESC pressed | 1 | |
| Enter build submenu | 34 | |
| Enter hero's abilities submenu | 9 | |
| Give item / drop item | 5 | |
| Right click | 530 | |
| Select / deselect | 261 | |
| Select group hotkey | 250 | |
| Use ability | 148 | |
1420 total
» units
| Peasant | 14 | |
| Dragonhawk Rider | 5 | |
| Goblin Shredder | 3 | |
| Goblin Zeppelin | 1 | |
| Goblin Sapper | 3 | |
26 total
» upgrades
| Masonry | 2 | |
| Swords | 3 | |
| Animal War Training | 1 | |
6 total
» buildings
| Altar of Kings | 1 | |
| Farm | 8 | |
| Arcane Vault | 1 | |
| Scout Tower | 17 | |
| Lumber Mill | 1 | |
| Arcane Tower | 4 | |
| Guard Tower | 7 | |
| Keep | 1 | |
| Blacksmith | 2 | |
| Gryphon Aviary | 3 | |
| Town Hall | 1 | |
| Castle | 1 | |
| Barracks | 1 | |
48 total
» build order
00:07 Altar of Kings
00:11 Farm
00:30 Farm
00:54 Arcane Vault
01:08 Scout Tower
01:36 Lumber Mill
01:47 Farm
01:50 Farm
02:10 Arcane Tower
02:10 Arcane Tower
02:48 Scout Tower
03:00 Scout Tower
03:07 Scout Tower
03:12 Scout Tower
03:25 Guard Tower
03:40 Guard Tower
04:19 Keep
04:20 Guard Tower
04:57 Blacksmith
04:59 Blacksmith
05:12 Farm
05:13 Farm
06:28 Scout Tower
06:51 Gryphon Aviary
06:52 Gryphon Aviary
06:58 Gryphon Aviary
07:16 Guard Tower
08:13 Town Hall
08:17 Scout Tower
08:18 Scout Tower
08:18 Scout Tower
08:19 Scout Tower
08:20 Scout Tower
08:21 Scout Tower
08:22 Scout Tower
08:24 Scout Tower
08:47 Guard Tower
08:55 Guard Tower
09:04 Arcane Tower
10:01 Guard Tower
12:03 Farm
12:04 Scout Tower
12:06 Castle
12:38 Barracks
14:54 Farm
16:53 Scout Tower
17:00 Scout Tower
17:31 Arcane Tower
» items
| Scroll of Regeneration | 6 | |
| Lesser Clarity Potion | 3 | |
| Staff of Teleportation | 2 | |
| Scroll of Town Portal | 2 | |
| Potion of Healing | 2 | |
| Potion of Invisibility | 2 | |
| Boots of Speed | 2 | |
| Periapt of Vitality | 1 | |
| Staff of Sanctuary | 1 | |
21 total
team 2 (loser)
WhiteDwarf21 (
pink | 49 APM | 1040 actions | 21:18)
4 Demon Hunter
2 Mana Burn
2 Evasion
2 Keeper of the Grove
1 Entangling Roots
1 Thorns Aura
» actions
| Basic commands | 1 | |
| Build / train | 65 | |
| Enter build submenu | 15 | |
| Enter hero's abilities submenu | 6 | |
| Give item / drop item | 6 | |
| Remove unit from queue | 2 | |
| Right click | 483 | |
| Select / deselect | 421 | |
| Use ability | 41 | |
1040 total
» units
| Wisp | 23 | |
| Archer | 10 | |
| Huntress | 5 | |
| Druid of the Claw | 2 | |
40 total
» upgrades
| Ultravision | 1 | |
| Druid of the Claw Training | 2 | |
| Abolish Magic | 1 | |
| Well Spring | 1 | |
| Marksmanship | 1 | |
| Mark of the Claw | 1 | |
| Strength of the Moon | 1 | |
8 total
» buildings
| Altar of Elders | 1 | |
| Moon Well | 6 | |
| Ancient of War | 1 | |
| Hunter's Hall | 1 | |
| Tree of Ages | 1 | |
| Ancient of Wonders | 1 | |
| Ancient of Lore | 3 | |
| Tree of Eternity | 1 | |
| Tree of Life | 1 | |
16 total
» build order
00:09 Altar of Elders
00:16 Moon Well
00:49 Ancient of War
01:41 Moon Well
01:56 Moon Well
02:53 Hunter's Hall
03:05 Moon Well
04:09 Moon Well
04:21 Tree of Ages
04:33 Ancient of Wonders
05:09 Moon Well
07:12 Ancient of Lore
07:16 Tree of Eternity
07:23 Ancient of Lore
09:36 Ancient of Lore
13:14 Tree of Life
» items
| Boots of Speed | 1 | |
| Moonstone | 2 | |
3 total
Chat log
(16:35 / All) R.O.B.: lol
(17:11 / All) R.O.B.: thanks for uprooting
(17:15 / All) R.O.B.: easier to kill
(17:35 / All) R.O.B.: ragequit time?
(17:42 / All) R.O.B.: its elf's best strategy
(18:00 / All) R.O.B.: attack move suicide, and ragequit
(18:02 / All) R.O.B.: perfect combo
(18:48 / All) R.O.B.: man how can you lose with elf
(18:53 / All) R.O.B.: cookie cutter elf at that
(19:06 / All) R.O.B.: its not like you did something risky like tavern hero
(19:19 / All) R.O.B.: just demon hunter cookie cutter
(19:29 / All) R.O.B.: and look youre staying in the game just to show anger
(20:06 / All) R.O.B.: cant believe you creeped a red instead of expanding first
(21:08 / All) R.O.B.: LOL